 Dungeon Sprint DCSS version 0.30-a0-6-g7c9e10e132 (webtiles) character file.

Game seed: 16617495332661023195

1928 mhtbhm the Unseen (level 8, -16/43 HPs)
             Began as a Spriggan Brigand on Aug 22, 2022.
             Was a Believer of Dithmenos.
             Demolished by an earth elemental (24 damage)
             ... in the Dungeon (Sprint III: "The Ten Rune Challenge").
             The game lasted 00:02:36 (868 turns).

mhtbhm the Unseen (Spriggan Brigand)                 Turns: 868, Time: 00:02:37

Health: -16/43     AC:  3    Str:  6    XL:     8   Next: 96%
Magic:  14/14      EV: 19    Int: 16    God:    Dithmenos [**....]
Gold:   23         SH:  0    Dex: 18    Spells: 7/7 levels left

rFire   . . .      SeeInvis +    a - +2 dagger
rCold   . . .      Faith    .    (no shield)
rNeg    . . .      Spirit   .    b - +0 robe
rPois   .          Reflect  .    (helmet restricted)
rElec   .          Harm     .    c - +0 cloak
rCorr   .          Rampage  .    (gloves unavailable)
Will    +....      NoTele   +    (boots unavailable) Stlth *+++++++++
                                 (no amulet)
HPRegen 0.14/turn                (no ring)
MPRegen 0.14/turn                (no ring)

@: on berserk cooldown, slowed, wreathed by umbra, quick
A: very small, no large weapons, unfitting armour, see invisible, speed 3,
clever 1, mutation resistance 1
a: Renounce Religion, Shadow Step


You were in the Dungeon.
You worshipped Dithmenos.
Dithmenos was pleased with you.
You visited 1 branch You collected 23 gold pieces.

Inventory:

Hand Weapons
 a - a +2 dagger (weapon)
Missiles
 d - 8 poisoned darts (quivered)
 e - a curare-tipped dart
Armour
 b - a +0 robe (worn)
 c - a +0 cloak (worn)
Scrolls
 k - a scroll of blinking
 n - a scroll of immolation {unknown}
 o - a scroll of fear {unknown}
 q - a scroll of torment {unknown}
 r - a scroll of fog {unknown}
Potions
 f - 2 potions of curing
 h - a potion of haste
 i - 2 potions of magic
 l - 2 potions of might
 m - 2 potions of mutation
 p - 4 potions of flight
Miscellaneous
 j - a piece from Xom's chessboard (11/15)


   Skills:
 + Level 5.1 Fighting
 + Level 8.1 Short Blades
 + Level 9.0 Throwing
 + Level 4.4 Dodging
 + Level 20.9 Stealth
 * Level 7.1 Invocations


You had 7 spell levels left.
You didn't know any spells.
Your spell library contained the following spells:

 Spells                   Type           Power      Damage    Failure   Level
 Sublimation of Blood     Necr           0%         N/A       36%         2
 Conjure Flame            Conj/Fire      0%         6-21      58%         3
 Ignite Poison            Fire/Tmut/Pois 0%         N/A       58%         3
 Petrify                  Tmut/Erth      0%         N/A       94%         4
 Sticky Flame             Conj/Fire      0%         2d3       94%         4
 Irradiate                Conj/Tmut      0%         3d11      100%        5


Dungeon Overview and Level Annotations

Branches:
Dungeon (1/1)

Altars:
Cheibriados
Dithmenos
Elyvilon
Fedhas
Gozag
Hepliaklqana
Kikubaaqudgha
Makhleb
Nemelex Xobeh
Okawaru
Qazlal
Ru
Sif Muna
Trog
Uskayaw
Vehumet
Wu Jian
Xom
Yredelemnul
Zin
The Shining One
Jiyva
Lugonu


Innate Abilities, Weirdness & Mutations

You are very small and have problems with some larger weapons.
You are too small for most types of armour.
You have supernaturally acute eyesight. (SInv)
You cover ground extremely quickly. (Speed+++)
Your mind is acute. (Int +4, Str/Dex -1)
You are somewhat resistant to further mutation.


Message History

The earth elemental misses you.
You hit the earth elemental.
The earth elemental is heavily damaged.
You puncture the earth elemental! Your punch misses the earth elemental.
The earth elemental is severely damaged.
You hit the earth elemental.
The earth elemental is almost destroyed.
You hit the earth elemental but do no damage.
The earth elemental is almost destroyed.
You are no longer berserk.
You are exhausted.
You feel yourself slow down. The earth elemental hits you!
* * * LOW HITPOINT WARNING * * *
You hit the earth elemental but do no damage.
The earth elemental is almost destroyed.
You hit the earth elemental.
The earth elemental is almost destroyed.
The earth elemental closely misses you.
You hit the earth elemental but do no damage.
The earth elemental is almost destroyed.
You hit the earth elemental but do no damage.
The earth elemental is almost destroyed.
The earth elemental closely misses you.
You hit the earth elemental but do no damage.
The earth elemental is almost destroyed.
Unknown command.
Okay, then.
Okay, then.
You make a move on Xom's chessboard...
The earth elemental is unaffected.
The earth elemental closely misses you.
You make a move on Xom's chessboard...
The earth elemental is unaffected.
The earth elemental closely misses you.
Unknown command.
You make a move on Xom's chessboard...
The earth elemental is unaffected.
The earth elemental barely misses you.
Unknown command.
You make a move on Xom's chessboard...
The earth elemental is unaffected.
The earth elemental hits you!!
Ouch! That really hurt!
You die...

__#___#__#
..#__)#._#
#'#'###)##
.........#
⌠........#
..######'#
⌠.#__#...#+#######
..#__#...#..~~~'.#
###__#...#.#§~§#@#
))#__#...'.#.§§#E#
__#__'...#.#§†.#...#
▓▓▓▓▓▓▓▓▓▓▓▓▓▓▓▓▓▓▓▓


You could see an earth elemental.

Vanquished Creatures
  Snorg (D)
  A deep elf pyromancer (D)
  A shadow (D)
  A spatial vortex (D)
  A necrophage (D)
  A scorpion (D)
  A water elemental (D)
  A jelly (D)
  A wizard (D)
  A necromancer (D)
  3 humans (D)
  A kobold demonologist (D)
  An endoplasm (D)
  3 rats (D)
18 creatures vanquished.

Notes
Turn   | Place    | Note
-------+----------+-------------------------------------------
     0 | D        | mhtbhm the Spriggan Brigand began the quest for the Orb.
     0 | D        | Reached XP level 1. HP: 10/10 MP: 2/2
     5 | D        | Reached skill level 6 in Stealth
    94 | D        | Reached skill level 7 in Stealth
   364 | D        | Noticed a scorpion
   370 | D        | Killed a scorpion
   371 | D        | Reached skill level 11 in Stealth
   371 | D        | Reached XP level 2. HP: 16/16 MP: 3/3
   371 | D        | Reached XP level 3. HP: 19/19 MP: 4/4
   377 | D        | Reached XP level 4. HP: 17/23 MP: 5/5
   444 | D        | Gained mutation: You are somewhat resistant to further
                  | mutation. [potion of mutation]
   444 | D        | Gained mutation: Your mind is acute. (Int +4, Str/Dex -1)
                  | [potion of mutation]
   488 | D        | Noticed a water elemental
   491 | D        | Killed a water elemental
   492 | D        | Reached skill level 13 in Stealth
   492 | D        | Reached XP level 5. HP: 28/28 MP: 6/6
   506 | D        | Found a shadowy altar of Dithmenos.
   523 | D        | Found a basalt altar of Yredelemnul.
   523 | D        | Found a sacrificial altar of Ru.
   531 | D        | Reached skill level 5 in Short Blades
   531 | D        | Reached skill level 5 in Throwing
   531 | D        | Reached skill level 14 in Stealth
   620 | D        | Became a worshipper of Dithmenos the Shadowed
   633 | D        | Found a radiant altar of Vehumet.
   634 | D        | Found a shimmering blue altar of Sif Muna.
   634 | D        | Found an ancient bone altar of Kikubaaqudgha.
   636 | D        | Reached skill level 15 in Stealth
   636 | D        | Reached skill level 1 in Invocations
   638 | D        | Reached XP level 6. HP: 32/32 MP: 6/8
   650 | D        | Found a glowing silver altar of Zin.
   651 | D        | Found a glowing golden altar of the Shining One.
   651 | D        | Found a white marble altar of Elyvilon.
   651 | D        | Noticed a deep elf pyromancer
   653 | D        | Killed a deep elf pyromancer
   653 | D        | Reached * piety under Dithmenos
   654 | D        | Reached skill level 18 in Stealth
   654 | D        | Reached XP level 7. HP: 37/37 MP: 7/11
   661 | D        | Found a hide-covered altar of Uskayaw.
   661 | D        | Found an iron altar of Okawaru.
   661 | D        | Found a bloodstained altar of Trog.
   661 | D        | Found an ornate altar of the Wu Jian Council.
   661 | D        | Noticed a human
   661 | D        | Noticed a human
   664 | D        | Killed a human
   665 | D        | Reached skill level 5 in Invocations
   665 | D        | Killed a human
   702 | D        | Noticed a shadow
   705 | D        | Killed a shadow
   705 | D        | Reached ** piety under Dithmenos
   706 | D        | Reached skill level 19 in Stealth
   706 | D        | Reached XP level 8. HP: 42/42 MP: 13/13
   795 | D        | Found a blossoming altar of Fedhas.
   795 | D        | Found a stormy altar of Qazlal.
   795 | D        | Found a snail-covered altar of Cheibriados.
   795 | D        | Found a burning altar of Makhleb.
   795 | D        | Found a shimmering altar of Xom.
   796 | D        | Found a hazy altar of Hepliaklqana.
   796 | D        | Found an opulent altar of Gozag.
   796 | D        | Found a sparkling altar of Nemelex Xobeh.
   796 | D        | Found a corrupted altar of Lugonu.
   796 | D        | Found a viscous altar of Jiyva.
   820 | D        | Noticed Snorg
   823 | D        | Killed Snorg
   824 | D        | Reached skill level 5 in Fighting
   824 | D        | Reached skill level 20 in Stealth
   868 | D        | Demolished by an earth elemental

Illustrated notes

Levels and vault maps discovered:
D:        dungeon_sprint_mu [sprint_mu_entry_forest, sprint_mu_temple_rooms,
          sprint_mu_d1_horrors, sprint_mu_d2_genie, sprint_mu_d3_branching,
          sprint_mu_orc_legion, sprint_mu_elf_gauntlet, sprint_mu_hive_nellie,
          sprint_mu_lair_fedhas, sprint_mu_vaults_butterflies,
          sprint_mu_slime_circle, sprint_mu_swamp_cave, sprint_mu_snake_twists,
          sprint_mu_blade_basic, sprint_mu_crypt_lich, sprint_mu_tomb_spiral,
          sprint_mu_vestibule_basic, sprint_mu_gehenna_hellfire,
          sprint_mu_dis_giant, sprint_mu_tartarus_statrot,
          sprint_mu_cocytus_islands, sprint_mu_zot1]

Skill      XL: |  1  2  3  4  5  6  7  8 |
---------------+-------------------------+-----
Stealth        | 11 13 15 18 19 20 | 20.9
Fighting       | 2 3 4 5 |  5.1
Short Blades   | 3 4 5 6 7 8 |  8.1
Throwing       | 3 4 5 7 9 |  9.0
Dodging        | 2 3 4 |  4.4
Invocations    | 1 4 5 7 |  7.1

Action                   |  1- 3 |  4- 6 |  7- 9 || total
-------------------------+-------+-------+-------++-------
Melee: Dagger            |    21 |    15 |    39 ||    75
       Punch             |     1 |       |       ||     1
Throw: Dart              |    12 |     9 |     2 ||    23
Evoke: Piece from Xom's  |       |       |     4 ||     4
  Use: Potion            |       |     3 |     1 ||     4
 Stab: Sleeping          |     4 |     4 |     5 ||    13
Armor: Robe              |       |     2 |     1 ||     3
Dodge: Dodged            |    10 |     6 |    10 ||    26

Table legend: (Time is in decaauts)
 A = Elapsed time spent in this place.
 B = Non-inter-level travel time spent in this place.
 C = Inter-level travel time spent in this place.
 D = Time resting spent in this place.
 E = Time spent auto-exploring this place.
 F = Levels seen in this place.
 G = Mean time per level.
                   A        B        C        D        E       F      G
               +--------+--------+--------+--------+--------+-----+--------+
         Total |    759 |    759 |      0 |    484 |      0 |   1 |  759.0 |
       Dungeon |    759 |    759 |      0 |    484 |      0 |   1 |  759.0 |
               +--------+--------+--------+--------+--------+-----+--------+

Top non-repeatable levels by time:
       D: 759 daAuts
